 Dungeon Crawl Stone Soup version 0.25-a0-86-ga6f17ae7d4 (webtiles) character file.

Game seed: 9893561241627381164, levelgen mode: deterministic

330 D1HalberdGnoll the Poker (level 6, -1/48 HPs)
             Began as a Merfolk Skald on Nov 9, 2019.
             Was an Initiate of Fedhas.
             Slain by an orc wizard
             ... wielding a +0 dagger
              (5 damage)
             ... on level 4 of the Dungeon.
             The game lasted 00:04:47 (4498 turns).

D1HalberdGnoll the Poker (Merfolk Skald)            Turns: 4498, Time: 00:04:47

Health: -1/48      AC:  5    Str: 13    XL:     6   Next: 51%
Magic:  0/9        EV: 15    Int: 12    God:    Fedhas [......]
Gold:   124        SH:  0    Dex: 14    Spells: 8/9 levels left

rFire    . . .     SeeInvis .   a - +0 spear
rCold    . . .     Gourm    .   (no shield)
rNeg     . . .     Faith    .   o - +0 ring mail
rPois    .         Spirit   .   (helmet restricted)
rElec    .         Reflect  .   (no cloak)
rCorr    .         Harm     .   (no gloves)
MR       +....                  (no boots)
Stlth    +.........             (no amulet)
HPRegen  0.16/turn              (no ring)
MPRegen  0.11/turn              b - ring of protection from magic

@: infused (expiring)
A: change form in water, swift swim, stealthy swim, antennae 1, repulsion field
1
a: Renounce Religion


You were on level 4 of the Dungeon.
You worshipped Fedhas.
Fedhas was noncommittal.
You were not hungry.

You visited 2 branches of the dungeon, and saw 5 of its levels.

You collected 124 gold pieces.

Inventory:

Hand Weapons
 a - a +0 spear (weapon)
Missiles
 m - 18 poisoned darts (quivered)
Armour
 o - a +0 ring mail (worn)
Jewellery
 b - a ring of protection from magic (right hand)
 p - an uncursed ring of fire
Scrolls
 c - a scroll of magic mapping
 e - 2 scrolls of teleportation
 f - a scroll of immolation {unknown}
 g - a scroll of amnesia {unknown}
 i - a scroll of enchant armour {unknown}
 j - 3 scrolls of identify
 l - a scroll of noise {unknown}
Comestibles
 d - 4 rations


   Skills:
 + Level 4.0 Fighting
 * Level 7.2 Polearms
 - Level 0.6 Armour
 + Level 4.9 Dodging
 - Level 2.0 Spellcasting
 - Level 3.2 Charms


You had 8 spell levels left.
You knew the following spells:

 Your Spells              Type           Power        Failure   Level  Hunger
a - Infusion              Chrm           #...         16%         1    ##.....

Your spell library contained the following spells:

 Spells                   Type           Power        Failure   Level  Hunger
 Song of Slaying          Chrm           #.......     22%         2    ###....
 Shroud of Golubria       Chrm/Tloc      #.....       41%         2    ###....
 Regeneration             Chrm/Necr      #.........   65%         3    ####...
 Spectral Weapon          Hex/Chrm       #.......     65%         3    ####...


Dungeon Overview and Level Annotations

Branches:
Dungeon (4/15)             Temple (1/1) D:4

Altars:
Dithmenos
Fedhas
Makhleb
Nemelex Xobeh
Trog
Yredelemnul


Innate Abilities, Weirdness & Mutations

You revert to your normal form in water.
You are very nimble and swift while swimming.
You are very stealthy in the water. (Stealth+)
You have a pair of small antennae on your head.
You are surrounded by a mild repulsion field. (EV +2)


Message History

Your magical infusion is running out.
Something hits you.
* * * LOW HITPOINT WARNING * * *
Something hits you.
* * * LOW HITPOINT WARNING * * *
You barely miss something. Something hits you.
* * * LOW HITPOINT WARNING * * *
Evoke which item? (* to show all) (? for menu, Esc to quit)
Okay, then.
You barely miss something. Something hits you but does no damage.
You barely miss something. Something hits you but does no damage.
You closely miss something. Something hits you.
* * * LOW HITPOINT WARNING * * *
You miss something. Something hits you.
* * * LOW HITPOINT WARNING * * *
You aren't carrying any potions.
Okay, then.
You closely miss something. Something hits you.
You die...
Fedhas appreciates your contribution to the ecosystem.

.....#.#..##.......#
#...#.##...#.....#.## .
#.#......#..........#..
............##........
.##...#...#.##........
#..#.#....#.##.#..#>##
#....#..#(#.##.#..#.##.#
.#...†##................
....>.....##..##@#.....
.##....#..##..##{#.....
#..#....#.....#.(. ....
...#.#..#..#..#....
..#...##...#..#.....
...... ..............
....## .#####.#.......
#... #......##


There were no monsters in sight!

Vanquished Creatures
  2 hounds
  A centaur skeleton (D:4)
  An orc priest (D:3)
  An iguana (D:4)
  2 orc wizards
  A worker ant (Temple)
  3 adders
  A worm (D:2)
  A dart slug (D:1)
  A leopard gecko (D:3)
  14 orcs
  7 bats
  A giant cockroach (D:1)
  5 goblins
  2 hobgoblins (D:1)
  2 jackals (D:3)
  7 kobolds
  2 quokkas
  A ball python (D:2)
  A frilled lizard (D:4)
  5 rats
  A bush (D:3)
62 creatures vanquished.

Notes
Turn   | Place    | Note
-------+----------+-------------------------------------------
     0 | D:1      | D1HalberdGnoll the Merfolk Skald began the quest for the
                  | Orb.
     0 | D:1      | Reached XP level 1. HP: 16/16 MP: 3/3
   194 | D:1      | Reached XP level 2. HP: 15/23 MP: 5/5
   747 | D:2      | Reached skill level 4 in Polearms
   931 | D:2      | Reached XP level 3. HP: 14/28 MP: 6/6
  1996 | D:3      | Reached skill level 5 in Polearms
  1996 | D:3      | Reached XP level 4. HP: 20/35 MP: 7/7
  3013 | D:3      | Reached XP level 5. HP: 11/41 MP: 1/8
  3025 | D:3      | Gained mutation: You have a pair of small antennae on your
                  | head. [potion of mutation]
  3025 | D:3      | Gained mutation: You are surrounded by a mild repulsion
                  | field. (EV +2) [potion of mutation]
  3025 | D:3      | HP: 2/41 [orc wizard/puff of flame (10)]
  3038 | D:3      | Reached skill level 6 in Polearms
  3038 | D:3      | HP: 3/61 [orc/+0 club (2)]
  3694 | D:4      | Reached XP level 6. HP: 26/48 MP: 2/9
  3996 | D:4      | Reached skill level 7 in Polearms
  3997 | D:4      | Found a staircase to the Ecumenical Temple.
  4200 | Temple   | Entered the Ecumenical Temple
  4429 | Temple   | Became a worshipper of Fedhas Madash
  4498 | D:4      | Slain by an orc wizard

Levels and vault maps discovered:
D:1:      elethiomel_arrival_infinity_welcomes_careful_drivers, layout_basic
D:2:      layout_basic, first_ration
D:3:      layout_basic, serial_forest, infiniplex_forest_lined_3_way,
          infiniplex_forest_lined_room_, infiniplex_forest_straight_4,
          infiniplex_forest_lined_3_way, infiniplex_forest_pool,
          infiniplex_forest_clump_curved, infiniplex_forest_clump_double
D:4:      layout_loops_cross, nicolae_ru_path_of_blood,
          minmay_temple_entry_mini_moons
Temple:   eino_temple_rhombus

Skill      XL: |  1  2  3  4  5  6 |
---------------+-------------------+-----
Dodging        | 3 4 |  4.9
Polearms       | 4 5 6 7 |  7.2
Fighting       | 3 4 |  4.0
Armour         | |  0.6
Spellcasting   | |  2.0
Charms         | |  3.2

Action                   |  1- 3 |  4- 6 || total
-------------------------+-------+-------++-------
Melee: Spear             |   100 |   402 ||   502
Throw: Dart              |     4 |     4 ||     8
 Cast: Infusion          |     3 |    14 ||    17
  Use: Potion            |       |     8 ||     8
       Scroll            |       |     2 ||     2
 Stab: Sleeping          |     1 |       ||     1
  Eat: Chunk             |     3 |     6 ||     9
       Ration            |       |     1 ||     1
Armor: Leather armour    |    13 |       ||    13
       Ring mail         |       |    39 ||    39
       Skin              |       |    24 ||    24
Dodge: Dodged            |    48 |    99 ||   147

Table legend:
 A = Non-vault XP
 B = Vault XP
 C = Vault XP percentage of total XP
 D = Non-vault monster count
 E = Vault monster count
 F = Vault count percentage of total count
                 A         B        C        D         E       F
            +---------+---------+-------+---------+---------+-------
      Total |     472 |       0 |   0.0 |      61 |       0 |   0.0
            +---------+---------+-------+---------+---------+-------
        D:1 |      25 |       0 |   0.0 |      14 |       0 |   0.0
        D:2 |      31 |       0 |   0.0 |      13 |       0 |   0.0
        D:3 |     175 |       0 |   0.0 |      18 |       0 |   0.0
        D:4 |     208 |       0 |   0.0 |      15 |       0 |   0.0
     Temple |      33 |       0 |   0.0 |       1 |       0 |   0.0
            +---------+---------+-------+---------+---------+-------
